 Dungeon Crawl Stone Soup version 0.31-a0-1499-ge0622b2318 (webtiles) character file.

Game seed: 729640435877743224

158 grandjackal the Chopper (level 5, -4/42 HPs)
             Began as a Demonspawn Gladiator on Dec 29, 2023.
             Splashed by a jelly's acid (7 damage)
             ... on level 6 of the Dungeon.
             The game lasted 00:02:05 (1591 turns).

grandjackal the Chopper (Demonspawn Gladiator)      Turns: 1591, Time: 00:02:06

Health: -4/42      AC:  1    Str: 16    XL:     5   Next: 16%
Magic:  5/5        EV: 13    Int:  8    God:
Gold:   112        SH:  0    Dex: 17    Spells: 4/4 levels left

rFire   . . .        a - +0 war axe
rCold   . . .        (no shield)
rNeg    . . .        b - +0 leather armour
rPois   .            c - +0 helmet
rElec   .            g - +0 cloak
rCorr   .            (no gloves)
SInv    .            (no boots)
Will    .....        (no amulet)
Stlth   ++           (no ring)
HPRegen 0.27/turn    (no ring)
MPRegen 0.09/turn

%: no passive effects
@: corroded
A: hooves 1, thin skeletal structure 1, demonic magic 1
a: no special abilities


You were on level 6 of the Dungeon.
You visited 1 branch of the dungeon, and saw 4 of its levels.

You collected 112 gold pieces.

Inventory:

Hand Weapons
 a - a +0 war axe (weapon)
Missiles
 d - 3 throwing nets (quivered)
 e - a javelin
 m - 2 silver javelins
 u - 5 curare-tipped darts
Armour
 b - a +0 leather armour (worn)
 c - a +0 helmet (worn)
 g - a +0 cloak (worn)
 t - the +1 leather armour of Loremer {Harm rF+ Will- Int+3}
   (You found it on level 6 of the Dungeon)

   Int+3:     It affects your intelligence (+3).
   rF+:       It protects you from fire.
   Will-:     It decreases your willpower.
   Harm:      It increases damage dealt and taken.
Wands
 q - a wand of roots (6)
Scrolls
 i - 2 scrolls of poison {unknown}
 k - a scroll of identify {unknown}
 l - a scroll of revelation {unknown}
 n - a scroll of enchant weapon {unknown}
 o - 2 scrolls of immolation {unknown}
 r - a scroll of enchant armour {unknown}
 s - 2 scrolls of noise {unknown}
Potions
 f - a potion of curing {unknown}
 h - a potion of magic
 j - a potion of lignification {unknown}
 p - a potion of degeneration {unknown}


   Skills:
 + Level 3.9 Fighting
 + Level 4.1 Axes
 - Level 2.0 Throwing
 - Level 3.0 Dodging


You had 4 spell levels left.
You didn't know any spells.
Your spell library contained the following spells:

 Spells                   Type           Power      Damage    Failure   Level
 Lesser Beckoning         Tloc           0%         N/A       63%         2
 Gell's Gravitas          Tloc           0%         N/A       85%         3
 Teleport Other           Tloc           0%         N/A       85%         3
 Vhi's Electric Charge    Tloc/Air       0%         N/A       99%         4
 Arcjolt                  Conj/Air       0%         1d10      100%        5
 Plasma Beam              Fire/Air       0%         2x1d10    100%        6


Dungeon Overview and Level Annotations

Branches:
Dungeon (3/15)

Altars:
Xom

Annotations:
D:1 1 transporter


Innate Abilities, Weirdness & Mutations

You have large cloven feet.
You have a somewhat thin skeletal structure. (Dex +2, Stealth+)
Spells you cast may paralyse adjacent enemies.


Message History

The water moccasin misses you.
You slash the water moccasin!
The water moccasin is almost dead.
The water moccasin closely misses you. The water moccasin bites you.
You closely miss the water moccasin.
The water moccasin is almost dead.
The water moccasin closely misses you. The water moccasin bites you.
You miss the water moccasin.
The water moccasin is almost dead.
The water moccasin barely misses you. The water moccasin closely misses you.
You closely miss the water moccasin.
The water moccasin is almost dead.
The water moccasin bites you but does no damage.
The jelly jiggles.
The water moccasin bites you!
You closely miss the water moccasin.
The water moccasin is almost dead.
The water moccasin barely misses you.
You closely miss the water moccasin.
The water moccasin is almost dead.
The water moccasin bites you.
The water moccasin bites you but does no damage.
You hit the water moccasin.
You kill the water moccasin!
You hear the slow rusting of a very distant drain.
Your Fighting skill increases to level 3!
Your Axes skill increases to level 4!
You have reached level 4!
You feel agile.
Your demonic ancestry asserts itself...
Your feet thicken and deform.
You have reached level 5!
Your demonic ancestry asserts itself...
A menacing aura infuses your magic.
You hit the jelly but do no damage. The acid corrodes you!
Your hands burn!
The jelly hits you.
You are splashed with acid!
* * * LOW HITPOINT WARNING * * *
It was a potion of magic.
Magic courses through your body. The jelly hits you.
* * * LOW HITPOINT WARNING * * *
You are splashed with acid!
You die...

> †.. #####K.#
#.JK.K.#
#@###K## #.# #.#
. #.# #.# .##
#.# #.# ..###
#(# #.# #.#.#
#.# #.# #..# ###
#.# #.# ##.###..
#.###.####...#.#


You could see a jelly and 3 kobolds.

Vanquished Creatures
  A water moccasin (D:6)
  An adder (D:6)
  A dart slug (D:1)
  2 bats (D:1)
  4 endoplasms
  2 giant cockroaches
  4 goblins (D:1)
  3 hobgoblins
  6 kobolds
  2 quokkas
  5 ball pythons
  2 rats (D:1)
33 creatures vanquished.

Notes
Turn   | Place    | Note
-------+----------+-------------------------------------------
     0 | D:1      | grandjackal the Demonspawn Gladiator began the quest for
                  | the Orb.
     0 | D:1      | Reached XP level 1. HP: 16/16 MP: 1/1
   150 | D:1      | Gained mutation: You have a somewhat thin skeletal
                  | structure. (Dex +2, Stealth+) [demonic ancestry]
   150 | D:1      | Reached XP level 2. HP: 13/22 MP: 2/2
   607 | D:1      | Reached skill level 3 in Axes
   726 | D:1      | Reached XP level 3. HP: 28/28 MP: 3/3
  1384 | D:3      | Found a faded altar of an unknown god.
  1490 | D:3      | You fall into a shaft and drop 3 floors!
  1490 | D:6      | Found a shimmering altar of Xom.
  1493 | D:6      | Noticed a scorpion
  1519 | D:6      | Identified the +1 leather armour of Loremer {Harm rF+ Will-
                  | Int+3}
  1575 | D:6      | Noticed a water moccasin
  1588 | D:6      | Killed a water moccasin
  1589 | D:6      | Reached skill level 4 in Axes
  1589 | D:6      | Gained mutation: You have large cloven feet. [demonic
                  | ancestry]
  1589 | D:6      | Reached XP level 4. HP: 12/37 MP: 4/4
  1589 | D:6      | Gained mutation: Spells you cast may paralyse adjacent
                  | enemies. [demonic ancestry]
  1589 | D:6      | Reached XP level 5. HP: 14/42 MP: 5/5
  1591 | D:6      | Splashed by a jelly's acid

Illustrated notes

Levels and vault maps discovered:
D:1:      spicycebolla_arrival_risky_transporter, layout_basic,
          nicolae_figureground_sparkle
D:2:      layout_loops_ring
D:3:      layout_basic, mainiacjoe_overflow_24_doors, kiku_gazebo_pond_becter,
          mainiacjoe_overflow_surrounded_room,
          hellmonk_ecumenical_altar_pennies_from_heaven, hangedman_decor_push
D:6:      layout_loops_ring, mainiacjoe_overflow_paths, kennysheep_little_box,
          gup_sewer_entry_bubbles, uniq_crazy_yiuf_cottage, uniq_edmund

Skill      XL: |  1  2  3 |
---------------+----------+-----
Throwing       | 2 |  2.0
Dodging        | 3 |  3.0
Axes           | 3 4 |  4.1
Fighting       | 3 |  3.9

Action                     |  1- 3 |  4- 6 || total
---------------------------+-------+-------++-------
  Melee: War axe           |    64 |     1 ||    65
         Punch             |     1 |       ||     1
  Evoke: Wand              |     3 |       ||     3
    Use: Potion            |       |     1 ||     1
   Stab: Sleeping          |     9 |       ||     9
 Armour: Leather armour    |    32 |     2 ||    34
  Dodge: Dodged            |    41 |       ||    41

Table legend: (Time is in decaauts)
 A = Elapsed time spent in this place.
 B = Non-inter-level travel time spent in this place.
 C = Inter-level travel time spent in this place.
 D = Time resting spent in this place.
 E = Time spent auto-exploring this place.
 F = Levels seen in this place.
 G = Mean time per level.
                   A        B        C        D        E       F      G
               +--------+--------+--------+--------+--------+-----+--------+
         Total |   1614 |   1565 |     49 |     36 |   1202 |   4 |  403.5 |
       Dungeon |   1614 |   1565 |     49 |     36 |   1202 |   4 |  403.5 |
               +--------+--------+--------+--------+--------+-----+--------+

Top non-repeatable levels by time:
     D:1: 772 daAuts
     D:2: 626 daAuts
     D:3: 111 daAuts
     D:6: 104 daAuts
